 Dungeon Crawl Stone Soup version 0.28-a0-773-g130ae17fe5 (webtiles) character file.

Game seed: 12667138198983739564

287 blank1 the Skirmisher (level 6, -1/56 HPs)
             Began as a Minotaur Fighter on Nov 2, 2021.
             Slain by a centaur (2 damage)
             ... on level 3 of the Dungeon.
             The game lasted 00:04:25 (2318 turns).

blank1 the Skirmisher (Minotaur Fighter)            Turns: 2318, Time: 00:04:26

Health: -1/56      AC: 13    Str: 21    XL:     6   Next: 8%
Magic:  14/14      EV:  8    Int:  5    God:
Gold:   107        SH:  4    Dex: 11    Spells: 5/5 levels left

rFire   . . .      SeeInvis .   a - +0 flail
rCold   + . .      Faith    .   c - +0 buckler
rNeg    . . .      Spirit   .   i - +3 chain mail
rPois   .          Reflect  .   m - +1 hat
rElec   .          Harm     .   (no cloak)
rCorr   .          Rampage  .   (no gloves)
Will    .....                   (no boots)
Stlth   ..........              (no amulet)
HPRegen 0.18/turn               e - ring of magical power
MPRegen 0.14/turn               f - ring of protection from cold

@: no status effects
A: horns 2, retaliatory headbutt
a: no special abilities


You were on level 3 of the Dungeon.
You visited 1 branch of the dungeon, and saw 3 of its levels.

You collected 107 gold pieces.

Inventory:

Hand Weapons
 a - a +0 flail (weapon)
Armour
 c - a +0 buckler (worn)
 g - a +0 plate armour
 i - a +3 chain mail (worn)
 m - a +1 hat (worn)
Jewellery
 e - a ring of magical power (left hand)
 f - a ring of protection from cold (right hand)
Scrolls
 d - a scroll of fog {unknown}
 h - a scroll of enchant armour {unknown}
 j - a scroll of teleportation {unknown}
 k - 5 scrolls of identify {unknown}
Potions
 b - a potion of curing {unknown}
 l - a potion of magic


   Skills:
 + Level 5.5 Fighting
 + Level 5.5 Maces & Flails
 - Level 4.0 Armour
 - Level 2.0 Dodging
 - Level 4.0 Shields


You had 5 spell levels left.
You didn't know any spells.
Your spell library was empty.

Dungeon Overview and Level Annotations

Branches:
Dungeon (3/15)

Altars:

Shops:
D:1 *


Innate Abilities, Weirdness & Mutations

You have a pair of horns on your head.
You reflexively headbutt those who attack you in melee.


Message History

The arrow closely misses you.
The centaur shoots an arrow.
The arrow hits you.
The centaur shoots an arrow.
You block the arrow.
The centaur shoots an arrow.
You block the arrow.
The centaur shoots an arrow.
The arrow hits you! The arrow freezes you.
The centaur shoots an arrow.
You block the arrow.
The centaur shoots an arrow.
The arrow hits you.
Found 17 stones.
The centaur shoots an arrow.
The arrow hits you but does no damage.
The centaur shoots an arrow.
The arrow hits you.
The centaur shoots an arrow.
The arrow hits you.
The centaur shoots an arrow.
The arrow hits you.
An adder comes into view.
The centaur unwields a +0 shortbow.
The centaur barely misses you. You furiously retaliate!
You headbutt the centaur. You block the centaur's attack.
Unknown command.
You sock the centaur!
The centaur is severely wounded.
The centaur hits you but does no damage.
The centaur kicks you.
The centaur shoots an arrow.
You block the arrow. The centaur completely misses you.
You furiously retaliate!
You headbutt the centaur. The centaur kicks you.
You hit the centaur.
You headbutt the centaur, but do no damage.
The centaur is almost dead.
The centaur shoots an arrow.
The arrow hits you!
* * * LOW HITPOINT WARNING * * *
The arrow freezes you.
* * * LOW HITPOINT WARNING * * *
The centaur closely misses you. The centaur barely misses you.
The centaur shoots an arrow.
The arrow hits you.
* * * LOW HITPOINT WARNING * * *
Unknown command.
Unknown command.
It was a potion of magic.
Magic courses through your body. You block the centaur's attack.
The centaur kicks you but does no damage.
The centaur shoots an arrow.
The arrow hits you but does no damage. The centaur hits you.
You die...

.........##......................
.........##...........#..........
##.......##...........#..........
#.......##...........#......#...
#...######...........#......#...
#...#...........#....#.........#
#...#..........................#
#...#...........................
#####....c..S..@.##.............
...........c.# ##..........
.............# #..........
............# ......†....
..####...... ........... #......#
........... .......# ...........
......... ........... ...........


You could see 2 centaurs and an adder.

Vanquished Creatures
  Sigmund (D:2)
  An orc priest (D:3)
  A killer bee zombie (D:3)
  3 adders
  A worm (D:2)
  A dart slug (D:2)
  3 orcs (D:3)
  4 bats
  An endoplasm (D:3)
  5 giant cockroaches
  7 goblins
  2 hobgoblins
  4 kobolds
  4 quokkas
  5 ball pythons
  7 frilled lizards
  8 rats
58 creatures vanquished.

Notes
Turn   | Place    | Note
-------+----------+-------------------------------------------
     0 | D:1      | blank1 the Minotaur Fighter began the quest for the Orb.
     0 | D:1      | Reached XP level 1. HP: 19/19 MP: 0/0
   152 | D:1      | Found Zetaeff's Assorted Antiques.
   315 | D:1      | Found a faded altar of an unknown god.
   337 | D:1      | Reached XP level 2. HP: 25/27 MP: 1/1
   780 | D:2      | Noticed Sigmund
   788 | D:2      | Killed Sigmund
   789 | D:2      | Reached XP level 3. HP: 18/34 MP: 2/2
   789 | D:2      | Reached XP level 4. HP: 22/41 MP: 3/3
   789 | D:2      | Reached XP level 5. HP: 26/47 MP: 4/4
  1687 | D:2      | Reached skill level 5 in Fighting
  1687 | D:2      | Reached skill level 5 in Maces & Flails
  2200 | D:3      | Reached XP level 6. HP: 54/56 MP: 5/5
  2317 | D:3      | HP: 1/56 [centaur/arrow (4)]
  2318 | D:3      | Slain by a centaur

Illustrated notes

Levels and vault maps discovered:
D:1:      grunt_arrival_crossed_arrows, layout_basic, serial_shops,
          nicolae_shop_statue_plus, basic_ecumenical_altar, supply_closet_lemuel
D:2:      layout_basic, small_statue_intersection, minmay_misc_feat_tower,
          uniq_sigmund
D:3:      layout_basic, minmay_misc_feat_cross, corexii_corridor_pit,
          corexii_item_surrounded_by_moat, minmay_pentangle

Skill      XL: |  1  2  3  4  5 |
---------------+----------------+-----
Fighting       | 4 5 |  5.5
Maces & Flails | 4 5 |  5.5
Armour         | 4 |  4.0
Dodging        | 2 |  2.0
Shields        | 4 |  4.0

Action                   |  1- 3 |  4- 6 || total
-------------------------+-------+-------++-------
Melee: Flail             |    35 |   115 ||   150
       Headbutt          |     4 |    16 ||    20
  Use: Potion            |     1 |     1 ||     2
Armor: Plate armour      |    21 |       ||    21
       Scale mail        |     2 |       ||     2
       Chain mail        |     6 |    63 ||    69
Dodge: Dodged            |    10 |    36 ||    46
Block: Buckler           |     3 |    33 ||    36

Table legend: (Time is in decaauts)
 A = Elapsed time spent in this place.
 B = Non-inter-level travel time spent in this place.
 C = Inter-level travel time spent in this place.
 D = Time resting spent in this place.
 E = Time spent auto-exploring this place.
 F = Levels seen in this place.
 G = Mean time per level.
                   A        B        C        D        E       F      G
               +--------+--------+--------+--------+--------+-----+--------+
         Total |   2344 |   2309 |     35 |    120 |   1731 |   3 |  781.3 |
       Dungeon |   2344 |   2309 |     35 |    120 |   1731 |   3 |  781.3 |
               +--------+--------+--------+--------+--------+-----+--------+

Top non-repeatable levels by time:
     D:2: 1104 daAuts
     D:1: 716 daAuts
     D:3: 523 daAuts
